 Dungeon Crawl Stone Soup version 0.29-a0-284-gf9362112df (webtiles) character file.

Game seed: 6781122075146382272

2994 dolemite99 the Frost Mage (level 9, -15/66 HPs)
             Began as a Gnoll Ice Elementalist on Mar 20, 2022.
             Was an Elder of Sif Muna.
             Demolished by a shadow (22 damage)
             ... on level 9 of the Dungeon.
             The game lasted 00:16:08 (13823 turns).

dolemite99 the Frost Mage (Gnoll Ice Elementalist) Turns: 13823, Time: 00:16:08

Health: -15/66     AC:  7    Str:  7    XL:     9   Next: 83%
Magic:  19/19      EV: 14    Int: 20    God:    Sif Muna [****..]
Gold:   155        SH:  0    Dex: 12    Spells: 17/21 levels left

rFire   . . .      SeeInvis .   a - +2 hunting sling (freeze)
rCold   . . .      Faith    .   (no shield)
rNeg    . . .      Spirit   .   Q - +2 robe {Will+}
rPois   .          Reflect  .   z - +0 helmet
rElec   .          Harm     .   (no cloak)
rCorr   .          Rampage  .   (no gloves)
Will    +....                   A - +1 pair of boots
Stlth   +++.......              (no amulet)
HPRegen 0.21/turn               (no ring)
MPRegen 0.16/turn               (no ring)

@: no status effects
A: fangs 1, strong nose, distributed training
a: Renounce Religion, Channel Magic, Forget Spell, Divine Exegesis


You were on level 9 of the Dungeon.
You worshipped Sif Muna.
Sif Muna was greatly pleased with you.
You visited 2 branches of the dungeon, and saw 10 of its levels.

You collected 572 gold pieces.
You spent 417 gold pieces at shops.

Inventory:

Hand Weapons
 a - a +2 hunting sling of freezing (weapon)
 c - a +0 hand axe
 e - a +0 dagger
 f - a +0 glaive
 h - a +0 short sword
 j - a +0 hunting sling
 l - a +5 dagger
 s - a +0 hunting sling
 w - a +0 quarterstaff
 I - a +0 trident of freezing
 K - a +0 rapier
 M - a +2 vorpal flail
 S - a +1 dagger of venom
 U - a +2 dagger of venom
Missiles
 d - 12 poisoned darts
 i - 195 stones
 n - 6 boomerangs
Armour
 o - a +0 robe
 v - a +0 ring mail
 z - a +0 helmet (worn)
 A - a +1 pair of boots (worn)
 B - the +4 ring mail "Zawuwk" {Harm *Corrode Dex+5}
   (You took it off a hobgoblin on level 4 of the Dungeon)

   Dex:       It affects your dexterity (+5).
   *Corrode:  It may corrode you when you take damage.
   Harm:      It increases damage dealt and taken.
 Q - a +2 robe of willpower (worn)
Wands
 r - a wand of iceblast (31)
 F - a wand of polymorph (11)
Scrolls
 g - 4 scrolls of fog
 p - a scroll of immolation
 t - a scroll of vulnerability
 x - 2 scrolls of enchant weapon
 y - 6 scrolls of teleportation
 E - 3 scrolls of magic mapping
 L - a scroll of noise
 P - 2 scrolls of fear
Potions
 b - a potion of magic
 k - a potion of brilliance
 m - 3 potions of haste
 q - a potion of cancellation
 u - 7 potions of curing
 C - a potion of flight
 D - a potion of ambrosia
 G - a potion of mutation {unknown}
 J - a potion of attraction
 N - a potion of lignification {unknown}
 O - a potion of berserk rage {unknown}
 R - 2 potions of invisibility
 T - a potion of might {unknown}


   Skills:
 + Level 4.6 Fighting
 + Level 4.6 Short Blades
 + Level 4.6 Long Blades
 + Level 4.6 Axes
 + Level 4.6 Maces & Flails
 + Level 4.6 Polearms
 + Level 4.6 Staves
 + Level 4.6 Slings
 + Level 4.6 Bows
 + Level 4.6 Crossbows
 + Level 4.6 Throwing
 + Level 4.6 Armour
 + Level 6.6 Dodging
 + Level 6.3 Stealth
 + Level 4.6 Shields
 + Level 4.6 Unarmed Combat
 + Level 6.9 Spellcasting
 + Level 3.8 Conjurations
 + Level 3.8 Hexes
 + Level 3.8 Summonings
 + Level 3.8 Necromancy
 + Level 3.8 Translocations
 + Level 3.8 Transmutations
 + Level 3.8 Fire Magic
 + Level 8.1 Ice Magic
 + Level 3.8 Air Magic
 + Level 3.8 Earth Magic
 + Level 3.8 Poison Magic
 + Level 5.1 Invocations
 + Level 4.6 Evocations


You had 17 spell levels left.
You knew the following spells:

 Your Spells              Type           Power      Damage    Failure   Level
a - Freeze                Ice            100%       1d11      1%          1
b - Frozen Ramparts       Ice            78%        1d9       1%          3

Your spell library contained the following spells:

 Spells                   Type           Power      Damage    Failure   Level
 Summon Small Mammal      Summ           88%        N/A       1%          1
 Ensorcelled Hibernation  Hex/Ice        60%        N/A       1%          2
 Ozocubu's Armour         Ice            39%        N/A       1%          3
 Corpse Rot               Necr/Air       44%        N/A       3%          2
 Passwall                 Tmut/Erth      18%        N/A       3%          2
 Static Discharge         Conj/Air       22%        N/A       3%          2
 Call Canine Familiar     Summ           22%        N/A       6%          3
 Summon Guardian Golem    Hex/Summ       22%        N/A       6%          3
 Swiftness                Air            22%        N/A       6%          3
 Hailstorm                Conj/Ice       30%        3d8       9%          4
 Animate Dead             Necr           11%        N/A       21%         4
 Dispel Undead            Necr           22%        3d12      21%         4
 Lightning Bolt           Conj/Air       11%        1d24      50%         5
 Death Channel            Necr           11%        N/A       97%         6
 Haunt                    Necr/Summ      11%        N/A       100%        7
 Infestation              Necr           11%        N/A       100%        8
 Maxwell's Capacitive Co  Air            11%        ∞         100%        8


Dungeon Overview and Level Annotations

Branches:
Dungeon (9/15)             Temple (1/1) D:6
   Lair: D:8-11         Orc: D:9-12

Altars:
Ashenzari
Fedhas
Gozag
Kikubaaqudgha
Qazlal
Sif Muna
Vehumet
Wu Jian

Shops:
D:5 :?*   D:7 *


Innate Abilities, Weirdness & Mutations

You have very sharp teeth.
Your uncanny sense of smell can sniff out nearby items.
Your experience applies equally to all skills.


Message History

You shoot a sling bullet.
The sling bullet hits the shadow but does no damage.
You shoot a sling bullet. The sling bullet hits the shadow.
The shadow is moderately damaged.
The shadow slips into darkness.
The shadow flickers and vanishes!
Deactivating autopickup; reactivate with Ctrl-A.
No target in view!
No target in view!
No target in view!
No target in view!
The walls and floor vibrate strangely for a moment.
The shadow strikes at you from the darkness!
Reactivating autopickup.
The shadow attacks as you move away! The shadow hits you.
The shadow slips into darkness.
The shadow flickers and vanishes!
Deactivating autopickup; reactivate with Ctrl-A.
The shadow strikes at you from the darkness!
Reactivating autopickup.
Aiming: Throw Flame
Press: ? - help, Shift-Dir - straight line, f/p - shadow
Aim: a shadow (lightly damaged, 74% to hit)
The puff of flame misses the shadow.
The now-empty wand crumbles to dust.
The shadow closely misses you.
As you read the scroll of teleportation, it crumbles to dust.
You feel strangely unstable.
The shadow slips into darkness.
The shadow flickers and vanishes!
Deactivating autopickup; reactivate with Ctrl-A.
The shadow strikes at you from the darkness!
* * * LOW HITPOINT WARNING * * *
Reactivating autopickup.
Your surroundings seem slightly different.
The shadow slips into darkness.
The shadow flickers and vanishes!
Deactivating autopickup; reactivate with Ctrl-A.
You see here a +0 short sword.
The shadow strikes at you from the darkness!
You die...

#.................#####
#.....................#
..............).......##
...........)..)........# #####
.............).........#####...##
..#...................>...##....#
#.).......................#......
..................<.......#......
................@........#....#..
.................###.........#...
..............)..)...............
≈≈≈≈≈............................
≈...≈..........................#.
≈.∩>≈.............##.............
≈...≈...........#................
≈≈≈≈≈............................
.................................


There were no monsters in sight!

Vanquished Creatures
  A troll (D:9)
  A steam dragon (D:6)
  3 water moccasins
  2 orc warriors (D:8)
  A sky beast (D:6)
  An ogre (D:5)
  A kobold brigand (D:9)
  A bullfrog (D:8)
  A necrophage (D:5)
  A gnoll sergeant (D:6)
  5 wights (D:8)
  9 killer bees
  2 howler monkeys (D:8)
  2 hounds
  An orc priest (D:9)
  Ijyb (D:4)
  3 iguanas
  2 gnoll shamans
  10 orc wizards
  Robin (D:3)
  13 gnolls
  10 adders
  2 shadow imps (D:7)
  4 white imps
  An ufetubus (D:6)
  2 worms
  2 dart slugs
  21 orcs
  4 bats
  3 endoplasms
  3 giant cockroaches
  19 goblins
  6 hobgoblins
  3 jackals (D:4)
  16 kobolds
  7 quokkas
  9 ball pythons
  4 frilled lizards
  8 rats
186 creatures vanquished.

Vanquished Creatures (collateral kills)
  A phantom (D:5)
1 creature vanquished.

Vanquished Creatures (others)
  13 plants
13 creatures vanquished.

Grand Total: 200 creatures vanquished

Notes
Turn   | Place    | Note
-------+----------+-------------------------------------------
     0 | D:1      | dolemite99 the Gnoll Ice Elementalist began the quest for
                  | the Orb.
     0 | D:1      | Reached XP level 1. HP: 13/13 MP: 6/6
   103 | D:1      | Reached XP level 2. HP: 16/19 MP: 1/7
   393 | D:1      | Found a faded altar of an unknown god.
   435 | D:1      | Prayed at the altar of an unknown god.
   435 | D:1      | Became a worshipper of Sif Muna the Loreminder
   435 | D:1      | Reached * piety under Sif Muna
   666 | D:1      | Reached XP level 3. HP: 16/25 MP: 5/9
   672 | D:1      | Reached skill level 5 in Spellcasting
  1176 | D:2      | Reached skill level 1 in Invocations
  1312 | D:2      | Reached skill level 1 in Fighting
  1312 | D:2      | Reached skill level 1 in Short Blades
  1312 | D:2      | Reached skill level 1 in Long Blades
  1312 | D:2      | Reached skill level 1 in Axes
  1312 | D:2      | Reached skill level 1 in Maces & Flails
  1312 | D:2      | Reached skill level 1 in Polearms
  1312 | D:2      | Reached skill level 1 in Staves
  1312 | D:2      | Reached skill level 1 in Slings
  1312 | D:2      | Reached skill level 1 in Bows
  1312 | D:2      | Reached skill level 1 in Crossbows
  1312 | D:2      | Reached skill level 1 in Throwing
  1312 | D:2      | Reached skill level 1 in Armour
  1312 | D:2      | Reached skill level 1 in Shields
  1312 | D:2      | Reached skill level 1 in Unarmed Combat
  1312 | D:2      | Reached skill level 1 in Evocations
  1818 | D:2      | Reached XP level 4. HP: 32/32 MP: 9/11
  1854 | D:2      | Learned a level 3 spell: Frozen Ramparts
  2743 | D:3      | Found a broken altar of Ashenzari.
  2796 | D:3      | Reached skill level 1 in Conjurations
  2796 | D:3      | Reached skill level 1 in Hexes
  2796 | D:3      | Reached skill level 1 in Summonings
  2796 | D:3      | Reached skill level 1 in Necromancy
  2796 | D:3      | Reached skill level 1 in Translocations
  2796 | D:3      | Reached skill level 1 in Transmutations
  2796 | D:3      | Reached skill level 1 in Fire Magic
  2796 | D:3      | Reached skill level 1 in Air Magic
  2796 | D:3      | Reached skill level 1 in Earth Magic
  2796 | D:3      | Reached skill level 1 in Poison Magic
  3324 | D:3      | Reached ** piety under Sif Muna
  3526 | D:3      | You fall into a shaft and drop 2 floors!
  3526 | D:5      | Entered Level 5 of the Dungeon
  3542 | D:5      | Reached XP level 5. HP: 37/37 MP: 9/12
  3580 | D:4      | Found an ornate altar of the Wu Jian Council.
  3767 | D:5      | Noticed a phantom
  3984 | D:3      | Noticed Robin
  3995 | D:3      | Killed Robin
  4131 | D:3      | Found a faded altar of an unknown god.
  4140 | D:3      | Found an opulent altar of Gozag.
  4593 | D:4      | Noticed Ijyb
  4600 | D:4      | Killed Ijyb
  4902 | D:4      | Identified the +4 ring mail "Zawuwk" {Harm *Corrode Dex+5}
  5008 | D:4      | Reached XP level 6. HP: 42/44 MP: 10/13
  5583 | D:5      | Found Dejinwa's Book Boutique.
  5585 | D:5      | Found Guek's General Store.
  5587 | D:5      | Found Vihysube's Magic Scroll Boutique.
  5594 | D:5      | Bought a potion of heal wounds for 55 gold pieces
  5594 | D:5      | Bought a scroll of teleportation for 33 gold pieces
  5604 | D:5      | Bought a scroll of summoning for 104 gold pieces
  5725 | D:5      | Reached skill level 5 in Dodging
  6167 | D:5      | Reached XP level 7. HP: 50/50 MP: 15/15
  6196 | D:5      | Reached *** piety under Sif Muna
  6635 | D:6      | Noticed a steam dragon
  6649 | D:6      | Killed a steam dragon
  6650 | D:6      | Reached skill level 5 in Stealth
  7028 | D:6      | Reached XP level 8. HP: 47/57 MP: 10/16
  7195 | D:6      | Found an ancient bone altar of Kikubaaqudgha.
  7199 | D:6      | Found a blossoming altar of Fedhas.
  7200 | D:6      | Found a stormy altar of Qazlal.
  7200 | D:6      | Found a radiant altar of Vehumet.
  7809 | D:6      | Found a staircase to the Ecumenical Temple.
  8549 | Temple   | Entered the Ecumenical Temple
  8596 | D:5      | Bought a scroll of fear for 38 gold pieces
  8596 | D:5      | Bought a scroll of teleportation for 33 gold pieces
  8596 | D:5      | Bought a scroll of fog for 22 gold pieces
  8596 | D:5      | Bought a scroll of identify for 22 gold pieces
  9231 | D:7      | Learned a level 1 spell: Freeze
 10298 | D:7      | Found Jido's Gadget Gallery.
 10304 | D:7      | Bought a wand of iceblast (6) for 110 gold pieces
 10570 | D:8      | Reached XP level 9. HP: 35/65 MP: 14/18
 11332 | D:8      | Reached skill level 8 in Ice Magic
 11980 | D:8      | Reached **** piety under Sif Muna
 13321 | D:9      | Reached skill level 5 in Invocations
 13321 | D:9      | Noticed a troll
 13338 | D:9      | Killed a troll
 13557 | D:9      | Found a flagged portal.
 13823 | D:9      | Demolished by a shadow

Illustrated notes

Levels and vault maps discovered:
D:1:      minmay_arrival_jagged, layout_loops_ring,
          dreamdust_ecumenical_altar_grove
D:2:      layout_loops_ring, hangedman_decor_peaks_small, skrybe_limestone_x
D:3:      layout_basic, nicolae_overflow_ecumenical_swirl, ashenzari_altar_1,
          uniq_robin
D:4:      layout_basic, nicolae_overflow_hidden_temple, uniq_ijyb
D:5:      layout_rooms, nicolae_wooded_promenade
D:6:      layout_basic, mainiacjoe_overflow_alcove_3,
          minmay_temple_entry_overgrown, minmay_misc_feat_ornament,
          nicolae_grassy_gnolls
D:7:      layout_loops_ring, nicolae_shop_gadgets
D:8:      layout_basic, lemuel_flamethrower_1
D:9:      layout_cross, enter_bailey_5
Temple:   oiseaux_autumnal_temple

Skill      XL: |  1  2  3  4  5  6  7  8  9 |
---------------+----------------------------+-----
Spellcasting   | 5 6 |  6.9
Invocations    | 1 2 3 4 5 |  5.1
Fighting       | 1 2 3 4 |  4.6
Short Blades   | 1 2 3 4 |  4.6
Long Blades    | 1 2 3 4 |  4.6
Axes           | 1 2 3 4 |  4.6
Maces & Flails | 1 2 3 4 |  4.6
Polearms       | 1 2 3 4 |  4.6
Staves         | 1 2 3 4 |  4.6
Slings         | 1 2 3 4 |  4.6
Bows           | 1 2 3 4 |  4.6
Crossbows      | 1 2 3 4 |  4.6
Throwing       | 1 2 3 4 |  4.6
Armour         | 1 2 3 4 |  4.6
Shields        | 1 2 3 4 |  4.6
Unarmed Combat | 1 2 3 4 |  4.6
Evocations     | 1 2 3 4 |  4.6
Conjurations   | 1 2 3 |  3.8
Hexes          | 1 2 3 |  3.8
Summonings     | 1 2 3 |  3.8
Necromancy     | 1 2 3 |  3.8
Translocations | 1 2 3 |  3.8
Transmutations | 1 2 3 |  3.8
Fire Magic     | 1 2 3 |  3.8
Air Magic      | 1 2 3 |  3.8
Earth Magic    | 1 2 3 |  3.8
Poison Magic   | 1 2 3 |  3.8
Dodging        | 5 6 |  6.6
Stealth        | 5 6 |  6.3
Ice Magic      | 8 |  8.1

Action                   |  1- 3 |  4- 6 |  7- 9 || total
-------------------------+-------+-------+-------++-------
Melee: Punch             |     2 |     1 |       ||     3
       Unarmed           |     2 |       |       ||     2
       Short sword       |     4 |    32 |    17 ||    53
       Bite              |       |     8 |     1 ||     9
 Fire: Hunting sling     |       |       |   169 ||   169
 Cast: Freeze            |    42 |    97 |    70 ||   209
       Frozen Ramparts   |       |     1 |    30 ||    31
Evoke: Wand              |       |     2 |    28 ||    30
  Use: Scroll            |       |     1 |    17 ||    18
       Potion            |       |       |     3 ||     3
Armor: Robe              |     8 |    21 |    47 ||    76
Dodge: Dodged            |    26 |    58 |   166 ||   250

Table legend: (Time is in decaauts)
 A = Elapsed time spent in this place.
 B = Non-inter-level travel time spent in this place.
 C = Inter-level travel time spent in this place.
 D = Time resting spent in this place.
 E = Time spent auto-exploring this place.
 F = Levels seen in this place.
 G = Mean time per level.
                   A        B        C        D        E       F      G
               +--------+--------+--------+--------+--------+-----+--------+
         Total |  13879 |  13557 |    322 |   5298 |   6064 |  10 | 1387.9 |
       Dungeon |  13877 |  13555 |    322 |   5298 |   6064 |   9 | 1541.9 |
        Temple |      1 |      1 |      0 |      0 |      0 |   1 |    1.0 |
               +--------+--------+--------+--------+--------+-----+--------+

Top non-repeatable levels by time:
     D:8: 2197 daAuts
     D:7: 2008 daAuts
     D:6: 1954 daAuts
     D:2: 1622 daAuts
     D:5: 1597 daAuts
     D:3: 1448 daAuts
     D:4: 1222 daAuts
     D:1: 1078 daAuts
     D:9: 747 daAuts
  Temple: 1 daAuts
